 Dungeon Crawl Stone Soup version 0.27.1-34-g3ba077fa99 (webtiles) character file.

Game seed: 3795845107936456589

172 vvl the Ducker (level 5, -2/28 HPs)
             Began as a Spriggan Fighter on Jan 22, 2022.
             Slain by a gnoll (3 damage)
             ... on level 4 of the Dungeon.
             The game lasted 00:05:38 (4385 turns).

vvl the Ducker (Spriggan Fighter)                   Turns: 4385, Time: 00:05:38

Health: -2/28      AC:  2    Str: 13    XL:     5   Next: 27%
Magic:  16/17      EV: 18    Int:  9    God:
Gold:   145        SH:  6    Dex: 15    Spells: 7/7 levels left

rFire    . . .     SeeInvis +   d - +0 dagger (venom)
rCold    . . .     Faith    .   c - +0 buckler
rNeg     . . .     Spirit   .   b - +0 robe
rPois    .         Reflect  .   (helmet restricted)
rElec    .         Harm     .   (no cloak)
rCorr    .         Rampage  .   (gloves unavailable)
Will     .....                  (boots unavailable)
Stlth    +.........             l - amulet of the acrobat
HPRegen  0.09/turn              a - ring of magical power
MPRegen  0.15/turn              (no ring)

@: very quick
A: very small, no large weapons, unfitting armour, see invisible, speed 3
a: no special abilities


You were on level 4 of the Dungeon.
You visited 1 branch of the dungeon, and saw 4 of its levels.

You collected 145 gold pieces.

Inventory:

Hand Weapons
 d - a +0 dagger of venom (weapon)
Armour
 b - a +0 robe (worn)
 c - a +0 buckler (worn)
Magical Staves
 h - a staff of cold
Jewellery
 a - a ring of magical power (left hand)
 l - an amulet of the acrobat (around neck)
Scrolls
 g - a scroll of identify {unknown}
 m - a scroll of teleportation {unknown}
 n - a scroll of enchant armour {unknown}
 o - 2 scrolls of immolation {unknown}
 p - a scroll of fog {unknown}
Potions
 e - a potion of invisibility
 f - a potion of degeneration {unknown}
 i - a potion of haste {unknown}
 j - a potion of heal wounds {unknown}
 k - a potion of berserk rage {unknown}
 q - a potion of attraction {unknown}


   Skills:
 + Level 2.8 Fighting
 + Level 3.0 Short Blades
 + Level 1.0 Armour
 + Level 4.7 Dodging
 + Level 2.6 Shields
 + Level 0.5 Unarmed Combat
 + Level 1.6 Spellcasting
 + Level 2.2 Translocations
 + Level 1.1 Transmutations


You had 7 spell levels left.
You didn't know any spells.
Your spell library contained the following spells:

 Spells                   Type           Power      Damage    Failure   Level
 Slow                     Hex            0%         N/A       58%         2
 Confusing Touch          Hex            0%         N/A       82%         3
 Yara's Violent Unravell  Hex/Tmut       0%         3d3       100%        5


Dungeon Overview and Level Annotations

Branches:
Dungeon (4/15)
 Temple: D:4-7

Altars:
Elyvilon
Qazlal

Shops:
D:2 *


Innate Abilities, Weirdness & Mutations

You are very small and have problems with some larger weapons.
You are too small for most types of armour.
You have supernaturally acute eyesight. (SInv)
You cover ground extremely quickly. (Speed+++)


Message History

The gnoll sergeant hits you from afar with a +1 antimagic trident!
You feel your power leaking away. The ball python bites you.
The ball python grabs you. The ball python constricts you.
You block the gnoll's attack. The gnoll hits you but does no damage.
The gnoll misses you.
You escape the ball python's grasp.
You feel a bit more experienced. You block the orc's attack.
You hit the orc but do no damage.
The orc is poisoned.
The orc misses you.
You hit the orc but do no damage.
The orc looks as sick as possible!
You block the gnoll's attack. The orc misses you.
You hit the orc but do no damage.
The orc looks as sick as possible!
The gnoll hits you from afar with a +0 spear.
You block the orc's attack.
You are too injured to fight recklessly!
You are too injured to fight recklessly!
You kill the orc!
You are too injured to fight recklessly!
You are too injured to fight recklessly!
You are too injured to fight recklessly!
You are too injured to fight recklessly!
You hit the ball python.
The ball python is poisoned.
The ball python is moderately wounded.
You kill the ball python!
You see here a ball python corpse.
You hit the gnoll.
The gnoll is poisoned.
The gnoll is lightly wounded.
The gnoll hits you with a +0 spear.
* * * LOW HITPOINT WARNING * * *
You hit the gnoll.
The gnoll is heavily wounded.
The gnoll hits you with a +0 spear!
* * * LOW HITPOINT WARNING * * *
You closely miss the gnoll.
The gnoll is heavily wounded.
You block the gnoll's attack.
Unknown command.
You hit the gnoll but do no damage.
The gnoll is heavily wounded.
The gnoll hits you with a +0 spear.
You die...

#.####.##.#
......#.#
......#
###....#
#g...g.#
#g#.#..#
#o#.#..#
#g#.#..#
#@#....# #.
#.#.##.#
#.#
#.##.#)# .#
#...
#.##.#.# .#
#..###.##.#
....#.##.#
...#.##.#
.. #.#.##.#
####### #
.##
#......#
#.....#


You could see a gnoll sergeant, 2 gnolls and an orc.

Vanquished Creatures
  A scorpion (D:3)
  A gnoll (D:4)
  4 adders
  4 dart slugs
  2 orcs (D:4)
  4 bats (D:1)
  5 endoplasms
  3 giant cockroaches
  4 goblins
  A hobgoblin (D:2)
  5 kobolds
  3 quokkas
  11 ball pythons
  4 frilled lizards
  7 rats
59 creatures vanquished.

Notes
Turn   | Place    | Note
-------+----------+-------------------------------------------
     0 | D:1      | vvl the Spriggan Fighter began the quest for the Orb.
     0 | D:1      | Reached XP level 1. HP: 11/11 MP: 2/2
   130 | D:1      | Found a faded altar of an unknown god.
   230 | D:1      | Reached XP level 2. HP: 16/16 MP: 3/3
   233 | D:1      | Reached skill level 1 in Translocations
   827 | D:1      | Reached XP level 3. HP: 11/19 MP: 5/5
  1703 | D:2      | Reached skill level 1 in Spellcasting
  2181 | D:2      | Found Toyps's Assorted Antiques.
  2662 | D:3      | Reached XP level 4. HP: 9/23 MP: 6/6
  3084 | D:3      | Noticed a scorpion
  3675 | D:3      | HP: 1/23 [poisoned by a scorpion]
  3680 | D:3      | Killed a scorpion
  3681 | D:3      | Reached skill level 1 in Transmutations
  3681 | D:3      | Reached XP level 5. HP: 17/28 MP: 6/8
  3828 | D:3      | Found a white marble altar of Elyvilon.
  3982 | D:3      | Found a stormy altar of Qazlal.
  4048 | D:3      | Reached skill level 1 in Armour
  4383 | D:4      | HP: 1/28 [gnoll (7)]
  4385 | D:4      | Slain by a gnoll

Illustrated notes

Levels and vault maps discovered:
D:1:      onia_arrival_mini_maze, layout_basic,
          ebering_ecumenical_altar_sacrificial, st_stairs_5, minmay_3d_cube
D:2:      layout_basic, serial_glass, glass_columns_b, glass_columns_a,
          serial_shops, nicolae_shop_overgrown_old_shop, corner_web_ring,
          chequers_serial_rivers_room_a
D:3:      layout_loops_cross, nicolae_qazlal_eye_of_the_storm,
          mainiacjoe_overflow_24_doors, hangedman_decor_riveting
D:4:      layout_basic, lemuel_coloured_pillars_altar, serial_shops,
          nicolae_square_shop, nicolae_shop_statue_plus, nicolae_shop_stone,
          nicolae_shop_behind_doors, uniq_menkaure

Skill      XL: |  1  2  3  4  5 |
---------------+----------------+-----
Translocations | 1 2 |  2.2
Spellcasting   | 1 |  1.6
Short Blades   | 3 |  3.0
Transmutations | 1 |  1.1
Armour         | 1 |  1.0
Fighting       | |  2.8
Dodging        | |  4.7
Shields        | |  2.6
Unarmed Combat | |  0.5

Action                   |  1- 3 |  4- 6 || total
-------------------------+-------+-------++-------
Melee: Rapier            |   154 |    29 ||   183
       Dagger            |       |    25 ||    25
  Use: Potion            |       |     4 ||     4
 Stab: Sleeping          |     2 |       ||     2
       Invisible         |       |     1 ||     1
Armor: Robe              |     5 |     3 ||     8
Dodge: Dodged            |   133 |    39 ||   172
Block: Buckler           |    43 |    25 ||    68
